 Dungeon Crawl Stone Soup version 0.20-a0-1122-gb7cbeb9 (webtiles) character file.

599 kae the Chopper (level 7, 0/93 HPs)
             Began as a Hill Orc Fighter on May 14, 2017.
             Slain by Pikel
             ... wielding a +2 whip of electrocution
              (10 damage)
             ... on level 5 of the Dungeon.
             The game lasted 00:03:47 (2992 turns).

kae the Chopper (Hill Orc Fighter)                  Turns: 2992, Time: 00:03:47

Health: 0/93       AC: 23    Str: 21    XL:     7   Next: 41%
Magic:  7/7        EV:  2    Int:  8    God:
Gold:   155        SH:  0    Dex: 10    Spells: 6/6 levels left

rFire    . . .     SeeInvis .   a - +0 war axe
rCold    . . .     Gourm    .   c - +0 shield
rNeg     + + +     Faith    .   (armour currently unavailable)
rPois    +         Spirit   .   (helmet currently unavailable)
rElec    .         Reflect  .   (cloak currently unavailable)
rCorr    .         Harm     .   (gloves currently unavailable)
MR       .....     NoTele   +   (boots currently unavailable)
Stlth    +.........             (no amulet)
Regen    0.3/turn               w - ring of flight
MPRegen  0.1/turn               (no ring)

@: confused, tree-form (expiring)
A: no striking features
a: no special abilities


You were on level 5 of the Dungeon.
You were not hungry.
You were a tree.
You visited 1 branch of the dungeon, and saw 5 of its levels.

You collected 155 gold pieces.

Inventory:

Hand Weapons
 a - a +0 war axe (weapon)
Armour
 b - a +0 scale mail
 c - a +0 shield (worn)
 p - a +0 ring mail (melded)
 y - a +0 pair of boots (melded)
Jewellery
 w - a ring of flight (left branch)
Wands
 t - a wand of lightning (8/15)
 u - a wand of random effects (20/48)
 v - a wand of confusion (22/48)
Scrolls
 g - 4 scrolls of immolation
 i - 2 scrolls of recharging {unknown}
 o - a scroll of fear {unknown}
 q - a scroll of teleportation {unknown}
 r - a scroll of remove curse
 s - a scroll of enchant armour {unknown}
Potions
 d - 2 potions of agility {unknown}
 l - a potion of mutation {unknown}
Books
 m - a book of Changes

   Spells                             Type                      Level
   a - Beastly Appendage              Transmutation                1
   b - Sticks to Snakes               Transmutation                2
   c - Spider Form                    Transmutation/Poison         3
   d - Ice Form                       Ice/Transmutation            4
   e - Blade Hands                    Transmutation                5
Comestibles
 f - 3 bread rations
 h - a meat ration
 j - a fruit
 x - a royal jelly


   Skills:
 + Level 5.9 Fighting
 * Level 7.7 Axes
 + Level 5.1 Armour
 - Level 3.2 Shields


You had 6 spell levels left.
You didn't know any spells.

Dungeon Overview and Level Annotations

Branches:
Dungeon (5/15)
 Temple: D:4-7

Altars:
Kikubaaqudgha
Qazlal

Annotations:
D:5 Pikel


Message History

Pikel is severely wounded.
You cannot move. (Use ctrl+direction to attack without moving.)
You miss Pikel. Pikel hits you but does no damage.
You completely miss Pikel.
Pikel is severely wounded.
You feel yourself slow down. Pikel hits you but does no damage.
You are electrocuted!
* * * LOW HITPOINT WARNING * * *
You closely miss Pikel.
Pikel is severely wounded.
Pikel hits you but does no damage.
Your shield prevents you from hitting Pikel.
Your transformation is almost over.
Pikel hits you but does no damage.
You are electrocuted!
* * * LOW HITPOINT WARNING * * *
You miss Pikel.
Pikel is severely wounded.
Pikel says, "I'm sure they'll be treated well, anyway."
Pikel hits you but does no damage. x2; You are electrocuted!
You die...

............+ ....
..........###.....
..............#
...........########
...................
............####.##
.##########.## #.†#
##♣# #K#


pp. ..... ......# .......# #####..## ##.# You could see Pikel and 2 slaves.

Vanquished Creatures
  Sigmund (D:3)
  2 slaves (D:5)
  A phantom (D:4)
  A howler monkey (D:4)
  A centaur skeleton (D:4)
  An orc wizard (D:4)
  Terence (D:2)
  2 worker ants (D:4)
  8 gnolls
  3 adders
  3 worms
  4 dart slugs
  4 leopard geckos
  4 orcs (D:4)
  4 giant cockroaches
  5 goblins
  3 hobgoblins (D:2)
  9 jackals
  3 quokkas
  A ball python (D:1)
  7 bats
  A frilled lizard (D:3)
  A jackal skeleton (D:4)
  4 kobolds
  9 rats
83 creatures vanquished.

Vanquished Creatures (others)
  A human (D:3)
1 creature vanquished.

Grand Total: 84 creatures vanquished

Notes
Turn   | Place    | Note
-------+----------+-------------------------------------------
     0 | D:1      | kae the Hill Orc Fighter began the quest for the Orb.
     0 | D:1      | Reached XP level 1. HP: 19/19 MP: 1/1
    80 | D:1      | Reached skill level 3 in Axes
   153 | D:1      | Reached XP level 2. HP: 21/27 MP: 2/2
   794 | D:2      | Reached XP level 3. HP: 33/33 MP: 3/3
   809 | D:2      | Noticed Terence
   819 | D:2      | Killed Terence
   819 | D:2      | Reached skill level 4 in Axes
   855 | D:2      | Reached XP level 4. HP: 40/40 MP: 4/4
   902 | D:2      | Found a stormy altar of Qazlal.
  1286 | D:2      | You fall through a shaft!
  1393 | D:3      | Noticed Sigmund
  1397 | D:3      | Reached skill level 5 in Axes
  1397 | D:3      | Reached XP level 5. HP: 45/47 MP: 5/5
  1410 | D:3      | Killed Sigmund
  1410 | D:3      | Reached skill level 5 in Fighting
  1410 | D:3      | Reached skill level 6 in Axes
  1410 | D:3      | Reached XP level 6. HP: 36/56 MP: 6/6
  1696 | D:3      | Found an ancient bone altar of Kikubaaqudgha.
  1699 | D:3      | Noticed a human
  1700 | D:3      | Killed a human
  1860 | D:4      | Noticed a phantom
  1880 | D:4      | Killed a phantom
  1901 | D:4      | Reached skill level 7 in Axes
  2187 | D:4      | Reached XP level 7. HP: 61/62 MP: 7/7
  2520 | D:4      | Reached skill level 5 in Armour
  2912 | D:5      | Entered Level 5 of the Dungeon
  2937 | D:5      | Noticed Pikel
  2986 | D:5      | HP: 3/93 [Pikel/whip of electrocution (16)]
  2991 | D:5      | HP: 4/93 [Pikel/whip of electrocution (9)]
  2992 | D:5      | Slain by Pikel

Vault maps used:
D:1:      mushboom_english_gardens
D:2:      grunt_qazlal_sundering, uniq_terence
D:3:      first_bread, tgw_kikubaaqudgha, uniq_sigmund
D:5:      uniq_prince_ribbit1, uniq_pikel, uniq_grinder

Skill      XL: |  1  2  3  4  5  6  7 |
---------------+----------------------+-----
Axes           | 3 4 5 6 7 |  7.7
Fighting       | 4 5 |  5.9
Armour         | 4 5 |  5.1
Shields        | |  3.2

Action                   |  1- 3 |  4- 6 |  7- 9 || total
-------------------------+-------+-------+-------++-------
Melee: War axe           |    73 |   108 |   109 ||   290
  Use: Potion            |       |     1 |     3 ||     4
       Scroll            |       |     5 |     1 ||     6
  Eat: Chunk             |       |     3 |     4 ||     7
Armor: Scale mail        |    47 |    11 |       ||    58
       Ring mail         |       |    29 |    23 ||    52
       Skin              |       |       |    10 ||    10
Dodge: Dodged            |    18 |    35 |    28 ||    81
Block: Shield            |    35 |    56 |    40 ||   131
